 Dungeon Crawl Stone Soup version 0.25-a0-829-g4e6a552925 (webtiles) character file.

Game seed: 10580263535866945302, levelgen mode: deterministic

8125 Arvaldir the Geomancer (level 11, -6/64 HPs)
             Began as a Gargoyle Earth Elementalist on Apr 21, 2020.
             Was a Priest of Vehumet.
             Mangled by a troll (7 damage)
             ... on level 11 of the Dungeon.
             The game lasted 00:25:57 (10376 turns).

Arvaldir the Geomancer (GrEE)                      Turns: 10376, Time: 00:25:58

Health: -6/64      AC: 12    Str: 14    XL:     11   Next: 26%
Magic:  25/30      EV: 13    Int: 19    God:    Vehumet [***...]
Gold:   592        SH:  0    Dex: 10    Spells: 14/23 levels left

rFire    + . .     SeeInvis .   H - +3 flail (vorpal)
rCold    + . .     Gourm    .   (no shield)
rNeg     + . .     Faith    .   x - +2 robe {rC+ rF+}
rPois    ∞         Spirit   .   (helmet restricted)
rElec    +         Reflect  .   (no cloak)
rCorr    .         Harm     .   (no gloves)
MR       +....                  (no boots)
Stlth    ++........             (no amulet)
HPRegen  0.20/turn              z - ring of wizardry
MPRegen  0.22/turn              i - ring of magical power

@: about to teleport, very slightly contaminated
A: horns 1, talons 1, magic resistance 1, negative energy resistance 1,
electricity resistance, strong 1, unbreathing, evolution 1, petrification
resistance, rot immunity, AC +8
a: Renounce Religion


You were on level 11 of the Dungeon.
You worshipped Vehumet.
Vehumet was most pleased with you.
You were not hungry.

You visited 2 branches of the dungeon, and saw 12 of its levels.

You collected 592 gold pieces.

Inventory:

Hand Weapons
 o - a +0 morningstar
 F - a +2 flail of protection
 H - a +3 vorpal flail (weapon)
Missiles
 b - 35 stones (quivered)
 k - a throwing net
Armour
 h - a +2 helmet
 x - a +2 robe of resistance (worn)
Jewellery
 i - a ring of magical power (right hand)
 n - an uncursed ring of stealth
 w - an uncursed ring of see invisible
 z - a ring of wizardry (left hand)
Wands
 q - a wand of polymorph (13)
 t - a wand of flame (5)
 u - a wand of iceblast (8)
 B - a wand of random effects (25)
 I - a wand of acid (5)
Scrolls
 c - a scroll of enchant armour
 e - a scroll of teleportation
 j - 3 scrolls of amnesia
 m - 9 scrolls of remove curse
 v - 6 scrolls of identify
 G - a scroll of fog
Potions
 a - a potion of brilliance
 f - a potion of might
 g - 3 potions of magic
 A - 3 potions of mutation
 E - a potion of lignification
Comestibles
 d - 10 rations
 p - 4 chunks of flesh


   Skills:
 + Level 5.9 Fighting
 + Level 5.2 Maces & Flails
 + Level 5.6 Armour
 + Level 4.8 Dodging
 - Level 2.1 Stealth
 + Level 6.8 Spellcasting
 + Level 7.2 Conjurations
   Level 0.7 Transmutations
 + Level 9.3 Earth Magic
 + Level 4.6 Evocations


You had 14 spell levels left.
You knew the following spells:

 Your Spells              Type           Power        Failure   Level  Hunger
a - Sandblast             Erth           #####.       1%          1    None
b - Stone Arrow           Conj/Erth      #####.       1%          3    #......
c - Lee's Rapid Deconstr  Erth           #####.....   1%          5    #####..

Your spell library contained the following spells:

 Spells                   Type           Power        Failure   Level  Hunger
 Inner Flame              Hex/Fire       #.......     3%          3    #......
 Passwall                 Tmut/Erth      ####....     1%          2    None
 Petrify                  Tmut/Erth      ####....     5%          4    ###....
 Confusing Touch          Hex            #.......     12%         3    #......
 Gell's Gravitas          Tloc           #.........   12%         3    #......
 Yara's Violent Unravell  Hex/Tmut       #.........   24%         5    #####..
 Metabolic Englaciation   Hex/Ice        #.........   71%         5    #####..


Dungeon Overview and Level Annotations

Branches:
Dungeon (11/15)            Temple (1/1) D:7            Lair (0/6) D:11
    Orc: D:9-12

Altars:
Makhleb
Nemelex Xobeh
Qazlal
Ru
Trog
Uskayaw
Vehumet
Wu Jian
Xom
Yredelemnul
The Shining One


Innate Abilities, Weirdness & Mutations

You are resistant to torment.
Your stone body is resilient. (AC +8)
You are immune to poison.
You resist negative energy. (rN+)
You are resistant to electric shocks. (rElec)
You can survive without breathing.
You are immune to petrification.
You are immune to rotting.
You have a pair of small horns on your head.
You have sharp toenails.
You are resistant to hostile enchantments. (MR+)
Your muscles are strong. (Str +2)
You evolve.


Message History

b - 36 stones A quokka comes into view.
The hell rat closely misses you.
Casting: Sandblast (safe; 1% risk of failure)
Confirm with . or Enter, or press ? or * to list all spells.
Aiming: Sandblast (safe; 1% risk of failure)
Press: ? - help, Shift-Dir - straight line, f/p - hell rat
Aim: a hell rat (moderately wounded)
The blast of sand hits the hell rat.
The hell rat is moderately wounded.
b - 35 stones The troll closely misses you.
The troll completely misses you. The troll claws you.
* * * LOW HITPOINT WARNING * * *
The hell rat bites you but does no damage.
As you read the scroll of teleportation, it crumbles to dust.
You feel strangely unstable. The troll bites you.
* * * LOW HITPOINT WARNING * * *
The troll claws you!
You die...

.........#
...
.........##
...
##..........
##.
#.........#
##
#.......r.#
#
#.....(...#
#
#...†.....#
#
#.$.rT....#
##..@....##
##.....##
####### ....
####...
o....#
#.#..###


You could see a troll, a hell rat and a quokka.

Vanquished Creatures
  A two-headed ogre (D:10)
  A tengu warrior (D:10)
  Pikel (D:7)
  A gargoyle (D:10)
  2 trolls
  6 yaks
  A wyvern (D:8)
  A soldier ant (D:10)
  2 black bears
  2 phantoms
  4 sky beasts
  A slave (D:7)
  2 orc warriors
  2 ice beasts
  An ogre (D:8)
  A centaur (D:9)
  A crocodile (D:10)
  2 big kobolds
  4 bullfrogs
  5 scorpions
  A water moccasin skeleton (D:4)
  11 killer bees
  A wight (D:10)
  5 howler monkeys
  4 crimson imps
  A centaur zombie (D:8)
  6 hounds
  2 jellies
  15 orc wizards
  A bullfrog skeleton (D:4)
  7 orc priests
  3 centaur skeletons
  Jessica (D:3)
  3 iguanas
  Ijyb (D:3)
  7 worker ants
  A hound skeleton (D:4)
  3 worker ant zombies
  A howler monkey zombie (D:6)
  12 adders
  13 gnolls
  A river rat (D:11)
  3 shadow imps
  4 adder skeletons
  3 worms
  2 dart slugs
  4 leopard geckos
  45 orcs
  8 bats
  3 giant cockroaches
  7 hobgoblins
  5 jackals
  3 quokkas
  A ball python (D:2)
  6 frilled lizards
  11 goblins
  A jackal zombie (D:5)
  13 kobolds
  2 leopard gecko skeletons
  A quokka skeleton (D:6)
  13 rats
276 creatures vanquished.

Vanquished Creatures (others)
  A slave (D:7)
  A worker ant (D:7)
2 creatures vanquished.

Grand Total: 278 creatures vanquished

Notes
Turn   | Place    | Note
-------+----------+-------------------------------------------
     0 | D:1      | Arvaldir the Gargoyle Earth Elementalist began the quest
                  | for the Orb.
     0 | D:1      | Reached XP level 1. HP: 10/10 MP: 3/3
   265 | D:1      | Reached XP level 2. HP: 10/15 MP: 5/5
   266 | D:1      | Reached skill level 4 in Earth Magic
   818 | D:1      | Reached XP level 3. HP: 16/19 MP: 6/6
  1116 | D:2      | Learned a level 3 spell: Stone Arrow
  1153 | D:2      | Found a basalt altar of Yredelemnul.
  1157 | D:2      | Found a sacrificial altar of Ru.
  1160 | D:2      | Found a sparkling altar of Nemelex Xobeh.
  1163 | D:2      | Found a stormy altar of Qazlal.
  1327 | D:2      | Reached skill level 1 in Conjurations
  1327 | D:2      | Reached XP level 4. HP: 19/24 MP: 2/8
  1493 | D:2      | Reached skill level 5 in Earth Magic
  1785 | D:2      | Reached XP level 5. HP: 15/28 MP: 3/9
  1925 | D:2      | Learned a level 5 spell: Lee's Rapid Deconstruction
  2446 | D:3      | Noticed Ijyb
  2564 | D:3      | Noticed Jessica
  2579 | D:3      | Reached XP level 6. HP: 28/32 MP: 2/11
  2581 | D:3      | Killed Jessica
  2730 | D:3      | Killed Ijyb
  2730 | D:3      | Reached skill level 6 in Earth Magic
  2883 | D:3      | Found an ornate altar of the Wu Jian Council.
  3240 | D:4      | Reached XP level 7. HP: 19/36 MP: 13/13
  3683 | D:4      | Found a burning altar of Makhleb.
  4263 | D:5      | Entered Level 5 of the Dungeon
  4594 | D:5      | Reached skill level 1 in Fighting
  4614 | D:5      | Found a sparkling altar of Nemelex Xobeh.
  5089 | D:6      | Reached skill level 1 in Armour
  5089 | D:6      | Reached XP level 8. HP: 43/43 MP: 15/15
  5094 | D:6      | Reached skill level 1 in Maces & Flails
  5113 | D:6      | Reached skill level 7 in Earth Magic
  5113 | D:6      | Reached skill level 1 in Evocations
  5336 | D:6      | Reached skill level 5 in Spellcasting
  5559 | D:6      | Reached skill level 5 in Conjurations
  5905 | D:7      | Found a bloodstained altar of Trog.
  5939 | D:7      | Noticed Pikel
  5957 | D:7      | Killed Pikel
  5957 | D:7      | Reached XP level 9. HP: 46/51 MP: 5/17
  6055 | D:7      | Found a staircase to the Ecumenical Temple.
  6144 | Temple   | Entered the Ecumenical Temple
  6166 | Temple   | Became a worshipper of Vehumet
  6287 | D:7      | Gained mutation: You are resistant to hostile enchantments.
                  | (MR+) [potion of mutation]
  6287 | D:7      | Gained mutation: You have sharp toenails. [potion of
                  | mutation]
  6287 | D:7      | Gained mutation: You evolve. [potion of mutation]
  6763 | D:7      | Gained mutation: Your muscles are strong. (Str +2)
                  | [evolution]
  6854 | D:8      | Reached skill level 8 in Earth Magic
  7065 | D:8      | Reached * piety under Vehumet
  7065 | D:8      | Offered knowledge of Foxfire by Vehumet.
  7112 | D:8      | Reached XP level 10. HP: 19/57 MP: 9/18
  8072 | D:9      | Offered knowledge of Freeze by Vehumet.
  8103 | D:9      | Reached ** piety under Vehumet
  8771 | D:10     | Entered Level 10 of the Dungeon
  8771 | D:10     | Noticed a two-headed ogre
  8775 | D:10     | Killed a two-headed ogre
  8787 | D:9      | Reached skill level 5 in Fighting
  8944 | D:10     | Reached skill level 5 in Armour
  9133 | D:10     | Noticed a gargoyle
  9134 | D:10     | Killed a gargoyle
  9182 | D:10     | Noticed a tengu warrior
  9192 | D:10     | Killed a tengu warrior
  9192 | D:10     | Reached skill level 9 in Earth Magic
  9192 | D:10     | Reached XP level 11. HP: 27/64 MP: 2/20
  9284 | D:10     | Gained mutation: You have a pair of small horns on your
                  | head. [evolution]
  9494 | D:10     | Reached skill level 5 in Maces & Flails
  9672 | D:9      | HP: 2/64 [yak (8)]
 10019 | D:10     | Offered knowledge of Inner Flame by Vehumet.
 10301 | D:11     | Noticed a catoblepas
 10309 | D:11     | Noticed a cyclops
 10312 | D:11     | Noticed a flayed ghost
 10321 | D:11     | Reached *** piety under Vehumet
 10325 | D:11     | HP: 1/64 [hornet (9)]
 10330 | D:11     | Found a staircase to the Lair.
 10333 | D:11     | Noticed a skeletal warrior
 10339 | D:11     | HP: 1/64 [something/blast of calcifying dust (4)]
 10343 | D:11     | Noticed a two-headed ogre
 10346 | D:11     | Noticed a yaktaur captain
 10376 | D:11     | HP: 1/64 [troll (5)]
 10376 | D:11     | Mangled by a troll

Levels and vault maps discovered:
D:1:      shiori_arrival_elements, layout_basic
D:2:      layout_loops_cross, grunt_temple_overflow_cloverleaf,
          kennysheep_another_room
D:3:      layout_basic, lemuel_doored_altar, uniq_jessica, uniq_ijyb
D:4:      layout_loops_ring, makhleb_blood_cavern_becter
D:5:      layout_layer_cave, first_ration, nemelex_diamond_rough_becter
D:6:      layout_gridville
D:7:      layout_cave_pods, minmay_temple_entry_waves, basic_altar, uniq_pikel
D:8:      layout_basic
D:9:      layout_loops_ring
D:10:     layout_cave_pools
D:11:     minmay_glassy_protrusions, layout_rooms, dpeg_lair_monsters
Temple:   regret_index_temple_sphere_string

Skill      XL: |  1  2  3  4  5  6  7  8  9 10 11 |
---------------+----------------------------------+-----
Earth Magic    | 4 5 6 7 8 9 |  9.3
Spellcasting   | 3 4 5 6 |  6.8
Conjurations   | 1 2 3 4 5 6 7 |  7.2
Fighting       | 1 3 4 5 |  5.9
Armour         | 1 3 4 5 |  5.6
Maces & Flails | 2 3 4 5 |  5.2
Dodging        | 3 4 |  4.8
Evocations     | 2 3 4 |  4.6
Stealth        | |  2.1
Transmutations | |  0.7

Action                   |  1- 3 |  4- 6 |  7- 9 | 10-12 || total
-------------------------+-------+-------+-------+-------++-------
Melee: Club              |     6 |       |       |       ||     6
       Unarmed           |     5 |     1 |       |       ||     6
       Short sword       |    98 |   114 |       |       ||   212
       Dagger            |       |       |   104 |       ||   104
       Great sword       |       |       |    46 |       ||    46
       Mace              |       |       |     8 |       ||     8
       Whip              |       |       |    55 |   109 ||   164
       Kick              |       |       |     8 |    24 ||    32
       Flail             |       |       |       |    16 ||    16
       Headbutt          |       |       |       |     2 ||     2
 Cast: Sandblast         |    14 |    66 |    89 |    97 ||   266
       Stone Arrow       |       |     4 |    20 |    21 ||    45
       Lee's Rapid Decon |       |     1 |    10 |    17 ||    28
Evoke: Wand              |       |       |       |     2 ||     2
  Use: Scroll            |     3 |     5 |     6 |    11 ||    25
       Potion            |       |       |     3 |     1 ||     4
 Stab: Sleeping          |     3 |     3 |     4 |     2 ||    12
  Eat: Chunk             |     2 |     7 |    16 |     9 ||    34
       Ration            |       |       |       |     2 ||     2
Armor: Robe              |    50 |    71 |    89 |    86 ||   296
Dodge: Dodged            |    77 |   106 |   157 |   150 ||   490
       Rpst.: Great sword |       |       |    23 |       ||    23

Table legend:
 A = Non-vault XP
 B = Vault XP
 C = Vault XP percentage of total XP
 D = Non-vault monster count
 E = Vault monster count
 F = Vault count percentage of total count
                 A         B        C        D         E       F
            +---------+---------+-------+---------+---------+-------
      Total |   10831 |     777 |   6.7 |     269 |       6 |   2.2
            +---------+---------+-------+---------+---------+-------
        D:1 |      47 |       0 |   0.0 |      28 |       0 |   0.0
        D:2 |     143 |       0 |   0.0 |      24 |       0 |   0.0
        D:3 |     250 |      72 |  22.4 |      34 |       2 |   5.6
        D:4 |     444 |      40 |   8.3 |      21 |       1 |   4.5
        D:5 |     168 |       0 |   0.0 |      13 |       0 |   0.0
        D:6 |    1014 |       0 |   0.0 |      29 |       0 |   0.0
        D:7 |     840 |     651 |  43.7 |      23 |       1 |   4.2
        D:8 |    1538 |       0 |   0.0 |      35 |       0 |   0.0
        D:9 |    1209 |       0 |   0.0 |      16 |       0 |   0.0
       D:10 |    5003 |       0 |   0.0 |      40 |       0 |   0.0
       D:11 |     175 |      14 |   7.4 |       6 |       2 |  25.0
            +---------+---------+-------+---------+---------+-------
